 Dungeon Crawl Stone Soup version 0.30-a0-553-g7fabdf1491 (webtiles) character file.

Game seed: 15539107836253882158

69 arthad the Digger (level 4, 0/24 HPs)
             Began as a Gargoyle Earth Elementalist on Dec 26, 2022.
             Slain by Pargi (2 damage)
             ... on level 3 of the Dungeon.
             The game lasted 00:04:53 (2120 turns).

arthad the Digger (Gargoyle Earth Elementalist)     Turns: 2120, Time: 00:04:54

Health: 0/24       AC:  5    Str: 11    XL:     4   Next: 20%
Magic:  1/7        EV: 12    Int: 18    God:
Gold:   82         SH:  0    Dex: 10    Spells: 3/7 levels left

rFire   . . .      SeeInvis .    e - +1 dagger (drain)
rCold   . . .      Faith    .    (no shield)
rNeg    + . .      Spirit   .    a - +0 robe
rPois   ∞          Reflect  .    (no helmet)
rElec   +          Harm     .    (no cloak)
rCorr   .          Rampage  .    (no gloves)
Will    .....                    (no boots)
Stlth   ++                       (no amulet)
HPRegen 0.24/turn                (no ring)
MPRegen 0.10/turn                (no ring)

@: no status effects
A: sickness immunity, AC +3, negative energy resistance 1, electricity
resistance, torment resistance 1, petrification resistance
a: no special abilities


You were on level 3 of the Dungeon.
You visited 1 branch of the dungeon, and saw 3 of its levels.

You collected 82 gold pieces.

Inventory:

Hand Weapons
 e - a +1 dagger of draining (weapon)
Missiles
 j - a poisoned dart
Armour
 a - a +0 robe (worn)
Scrolls
 f - a scroll of amnesia {unknown}
 g - 2 scrolls of identify {unknown}
 l - a scroll of enchant armour {unknown}
 m - 2 scrolls of blinking {unknown}
 o - a scroll of torment {unknown}
 r - a scroll of teleportation {unknown}
 s - a scroll of poison {unknown}
Potions
 b - 2 potions of magic
 c - a potion of haste {unknown}
 d - a potion of resistance {unknown}
 h - a potion of berserk rage {unknown}
 i - 3 potions of curing {unknown}
 k - a potion of might {unknown}
 n - a potion of brilliance {unknown}
 p - a potion of ambrosia {unknown}
 q - 2 potions of degeneration {unknown}


   Skills:
 + Level 0.9 Fighting
 + Level 0.9 Armour
 + Level 1.8 Dodging
 * Level 2.9 Stealth
 * Level 2.3 Spellcasting
 * Level 1.2 Conjurations
 + Level 1.1 Transmutations
 * Level 4.1 Earth Magic


You had 3 spell levels left.
You knew the following spells:

 Your Spells              Type           Power      Damage    Failure   Level
a - Sandblast             Erth           34%        2d9       3%          1
b - Stone Arrow           Conj/Erth      22%        3d8       17%         3

Your spell library contained the following spells:

 Spells                   Type           Power      Damage    Failure   Level
 Passwall                 Tmut/Erth      9%         N/A       9%          2
 Ensorcelled Hibernation  Hex/Ice        4%         N/A       26%         2
 Dazzling Flash           Conj/Hex       8%         N/A       38%         3
 Spider Form              Tmut/Pois      4%         N/A       38%         3
 Petrify                  Tmut/Erth      11%        N/A       50%         4
 Iskenderun's Mystic Bla  Conj/Tloc      4%         2d3       80%         4
 Anguish                  Hex/Necr       1%         N/A       86%         4
 Starburst                Conj/Fire      2%         6d3       100%        6


Dungeon Overview and Level Annotations

Branches:
Dungeon (3/15)

Altars:
Trog

Annotations:
D:3 1 runed translucent door, Crazy Yiuf, Pargi


Innate Abilities, Weirdness & Mutations

You are immune to sickness and miasma.
Your stone body is resilient. (AC +3)
You are immune to poison.
You resist negative energy. (rN+)
You are resistant to electric shocks. (rElec)
You are resistant to unholy torment.
You are immune to petrification.


Message History

The blast of sand hits Pargi!
Pargi is moderately wounded.
Pargi closely misses you. Pargi barely misses you. Pargi closely misses you.
Pargi barely misses you. Pargi closely misses you. Pargi claws you.
The blast of sand hits Pargi.
Pargi is moderately wounded.
Pargi bites you. Pargi barely misses you. Pargi closely misses you.
The blast of sand hits Pargi.
Pargi is heavily wounded.
Pargi bites you but does no damage. Pargi barely misses you.
Pargi claws you but does no damage. Pargi barely misses you. Pargi claws you.
Pargi closely misses you.
The blast of sand hits Pargi!
Pargi is severely wounded.
Pargi looks more healthy.
Pargi bites you. Pargi misses you. Pargi closely misses you.
You are too injured to fight recklessly!
You are too injured to fight recklessly!
Aiming: Sandblast (safe; 3% risk of failure)
Press: ? - help, Q - select action, (/) - cycle Shift-Dir - straight line, f/p - Pargi
Aim: Pargi (severely wounded, 77% to hit)
The blast of sand hits Pargi!
Pargi is almost dead.
Pargi bites you.
* * * LOW HITPOINT WARNING * * *
Pargi claws you but does no damage. x2; Pargi bites you.
* * * LOW HITPOINT WARNING * * *
Pargi claws you but does no damage. x2
Unknown command.
Okay, then.
Okay, then.
Casting: Sandblast (safe; 3% risk of failure)
Confirm with . or Enter, or press ? or * to list all spells.
Aiming: Sandblast (safe; 3% risk of failure)
Press: ? - help, Shift-Dir - straight line, f/p - Pargi
Aim: Pargi (almost dead, 77% to hit)
The blast of sand hits Pargi.
Pargi is almost dead.
Pargi completely misses you. Pargi barely misses you. Pargi claws you.
You die...

..(. ..# #(# #(#
.### #.# ......#
#.#
..#..#####.####
.. ....##..[T...#
. #..##...@...# .
##..##.......#
#.##............#
#.#.............#
#......†.>......#
##
###....#.......)#
##.
##.#.#.#####.##
##.. #.#.#.# #.#
#...
.######.#.#.# #.#
##...


You could see Pargi.

Vanquished Creatures
  2 adders (D:2)
  A worm (D:2)
  10 ball pythons
  7 endoplasms
  A giant cockroach (D:2)
  6 goblins
  A hobgoblin (D:1)
  2 jackals (D:1)
  2 quokkas
  2 bats
  4 frilled lizards
  5 kobolds
  4 rats
47 creatures vanquished.

Notes
Turn   | Place    | Note
-------+----------+-------------------------------------------
     0 | D:1      | arthad the Gargoyle Earth Elementalist began the quest for
                  | the Orb.
     0 | D:1      | Reached XP level 1. HP: 10/10 MP: 3/3
   195 | D:1      | Reached XP level 2. HP: 15/15 MP: 0/5
   822 | D:1      | Found a faded altar of an unknown god.
   939 | D:2      | Reached skill level 4 in Earth Magic
   939 | D:2      | Reached XP level 3. HP: 20/20 MP: 1/6
   943 | D:2      | Learned a level 3 spell: Stone Arrow
  1225 | D:2      | Reached skill level 1 in Transmutations
  1227 | D:2      | Reached skill level 1 in Conjurations
  1340 | D:2      | Found a bloodstained altar of Trog.
  1436 | D:2      | Reached XP level 4. HP: 24/24 MP: 2/7
  1984 | D:3      | Found a runed translucent door.
  1985 | D:3      | Noticed Crazy Yiuf
  2104 | D:3      | Noticed Pargi
  2119 | D:3      | HP: 1/24 [Pargi (5)]
  2120 | D:3      | Slain by Pargi

Illustrated notes

Levels and vault maps discovered:
D:1:      dpeg_arrival_ternary, layout_loops_ring, ebering_ecumenical_altar_box,
          bh_walls_and_bars
D:2:      minmay_wonky_spiral, layout_basic, basic_altar
D:3:      layout_loops_ring, serial_shops, nicolae_shop_hallway_plus,
          minivault_23, uniq_pargi, uniq_crazy_yiuf_cottage

Skill      XL: |  1  2  3 |
---------------+----------+-----
Earth Magic    | 4 |  4.1
Transmutations | 1 |  1.1
Conjurations   | 1 |  1.2
Fighting       | |  0.9
Armour         | |  0.9
Dodging        | |  1.8
Stealth        | |  2.9
Spellcasting   | |  2.3

Action                   |  1- 3 |  4- 6 || total
-------------------------+-------+-------++-------
Throw: Dart              |       |     4 ||     4
 Cast: Sandblast         |    49 |    16 ||    65
Armor: Robe              |     3 |     8 ||    11
Dodge: Dodged            |     5 |    16 ||    21

Table legend: (Time is in decaauts)
 A = Elapsed time spent in this place.
 B = Non-inter-level travel time spent in this place.
 C = Inter-level travel time spent in this place.
 D = Time resting spent in this place.
 E = Time spent auto-exploring this place.
 F = Levels seen in this place.
 G = Mean time per level.
                   A        B        C        D        E       F      G
               +--------+--------+--------+--------+--------+-----+--------+
         Total |   2151 |   2130 |     21 |      0 |   1854 |   3 |  717.0 |
       Dungeon |   2151 |   2130 |     21 |      0 |   1854 |   3 |  717.0 |
               +--------+--------+--------+--------+--------+-----+--------+

Top non-repeatable levels by time:
     D:1: 932 daAuts
     D:2: 905 daAuts
     D:3: 312 daAuts
